 Dungeon Crawl Stone Soup version 0.21.1-1-g345015f (webtiles) character file.

926 Monsterracer the Firebug (level 8, -11/46 HPs)
             Began as an Octopode Fire Elementalist on Apr 26, 2018.
             Mangled by an ogre
             ... wielding a +0 giant club
              (31 damage)
             ... on level 4 of the Dungeon.
             The game lasted 00:06:23 (4015 turns).

Monsterracer the Firebug (OpFE)                     Turns: 4015, Time: 00:06:23

Health: -11/46     AC:  2    Str: 10    XL:     8   Next: 10%
Magic:  3/14       EV: 13    Int: 19    God:
Gold:   127        SH:  0    Dex: 12    Spells: 7/15 levels left

rFire    + . .     SeeInvis .   a - +6 rapier (speed)
rCold    x . .     Gourm    .   (no shield)
rNeg     + . .     Faith    .   n - +1 hat
rPois    .         Spirit   .   (no amulet)
rElec    .         Reflect  .   j - +2 ring of strength
rCorr    .         Harm     .   e - ring of positive energy
MR       .....                  v - ring of fire
Stlth    +++.......             (no ring)
HPRegen  0.15/turn              (no ring)
MPRegen  0.14/turn              (no ring)
                                (no ring)
                                (no ring)

@: no status effects
A: almost no armour, stealthy swim, amphibious, 8 rings, constrict 8, camouflage
1, gelatinous body 1
a: no special abilities


You were on level 4 of the Dungeon.
You were very hungry.

You visited 1 branch of the dungeon, and saw 5 of its levels.

You collected 127 gold pieces.

Inventory:

Hand Weapons
 a - a +6 rapier of speed (weapon)
Armour
 n - a +1 hat (worn)
 x - a +0 large shield
Jewellery
 b - an uncursed ring of positive energy
 e - a ring of positive energy (right tentacle)
 j - a +2 ring of strength (left tentacle)
 v - a ring of fire (on tentacle)
Wands
 l - a wand of acid (6)
Scrolls
 f - a scroll of remove curse
 i - a scroll of magic mapping {!r}
 p - a scroll of enchant weapon
Potions
 g - a potion of brilliance
 h - a potion of magic
 m - 2 potions of haste
 o - a potion of berserk rage {!q}
 r - a potion of resistance
 s - a potion of mutation {unknown}
Books
 u - a book of Flames

   Spells                             Type                      Level
   a - Flame Tongue                   Conjuration/Fire             1
   b - Throw Flame                    Conjuration/Fire             2
   c - Conjure Flame                  Conjuration/Fire             3
   d - Inner Flame                    Hexes/Fire                   3
   e - Sticky Flame                   Conjuration/Fire             4
   f - Fireball                       Conjuration/Fire             5
Comestibles
 c - 5 rations


   Skills:
 - Level 2.0 Dodging
 - Level 4.0 Stealth
 + Level 4.0 Spellcasting
 * Level 5.5 Conjurations
 * Level 6.2 Fire Magic


You had 7 spell levels left.
You knew the following spells:

 Your Spells              Type           Power        Failure   Level  Hunger
a - Flame Tongue          Conj/Fire      #####        1%          1    None
b - Conjure Flame         Conj/Fire      #####...     3%          3    ###....
c - Sticky Flame          Conj/Fire      #####...     12%         4    ####...


Dungeon Overview and Level Annotations

Branches:
Dungeon (5/15)             Temple (0/1) D:4

Altars:
Fedhas
The Shining One

Annotations:
D:3 exclusion: oklob plant
D:5 Menkaure


Innate Abilities, Weirdness & Mutations

You cannot wear most types of armour.
You are very stealthy in the water. (Stealth+)
You are amphibious.
You can wear up to eight rings at the same time.
You can use your tentacles to constrict eight enemies at once.
Your skin changes colour to match your surroundings (Stealth+).
Your rubbery body absorbs attacks. (AC +1, EV +1)


Message History

You regained 4 hp, and now have 15/41 hp.
You regained 5 mp, and now have 10/12 mp.
You start resting.
Magic restored.
You regained 2 hp, and now have 17/41 hp.
MP restored: 12 You start resting.
You regained 8 hp, and now have 25/41 hp.
Casting: Flame Tongue
Confirm with . or Enter, or press ? or * to list all spells.
Okay, then.
Okay, then.
You start resting.
You start resting.
Casting: Flame Tongue
Confirm with . or Enter, or press ? or * to list all spells.
Aiming: Sticky Flame
Press: ? - help, Shift-Dir - straight line, f - Pikel
Aim: Pikel, wielding a whip of electrocution and wearing a robe You feel a surge of power!
The sticky flame hits Pikel.
Pikel is lightly wounded.
Pikel is covered in liquid flames!
You are feeling very hungry.
Pikel burns!
Pikel hits you with a whip of electrocution.
You take 5 damage, and have 23/41 hp.
You now have 8/12 mp.
Pikel burns!
Found a ring of positive energy.
Pikel burns!
Pikel burns!
The slave closely misses you.
Casting: Sticky Flame
Confirm with . or Enter, or press ? or * to list all spells.
Aiming: Sticky Flame
Press: ? - help, Shift-Dir - straight line, f/p - Pikel
Aim: Pikel, wielding a whip of electrocution and wearing a robe (heavily wounded, covered in liquid flames)
You feel a surge of power!
The sticky flame hits Pikel.
Pikel is severely wounded.
Pikel is covered in liquid flames!
Pikel burns!
Pikel hits you with a whip of electrocution!
* * * LOW HITPOINT WARNING * * *
The slave barely misses you.
You take 8 damage, and have 15/41 hp.
You now have 4/12 mp.
Unknown command.
Pikel burns!
Pikel says, "You'll feel the lick of my whip!"
Pikel burns!
An ogre comes into view. It is wielding a giant club.
Pikel burns!
You kill Pikel!
Your Spellcasting skill increases to level 4!
Your Conjurations skill increases to level 5!
Your Fire Magic skill increases to level 6!
You have reached level 8!
With Pikel's spell broken, the former slave thanks you for its freedom.
You regained 2 hp, and now have 17/46 hp.
Unknown command.
Things that are here:
a whip of electrocution; a robe There isn't anything to butcher here.
Okay, then.
The ogre shouts!
You see here a ring of positive energy.
b - a ring of positive energy
Casting: Sticky Flame
Confirm with . or Enter, or press ? or * to list all spells.
Aiming: Flame Tongue
Press: ? - help, Shift-Dir - straight line, f - ogre
Aim: an ogre, wielding a giant club You feel a surge of power!
The flame tongue hits the ogre.
The ogre is heavily wounded.
You now have 6/14 mp.
Casting: Flame Tongue
Confirm with . or Enter, or press ? or * to list all spells.
Aiming: Flame Tongue
Press: ? - help, Shift-Dir - straight line, f/p - ogre
Aim: an ogre, wielding a giant club (heavily wounded)
You feel a surge of power!
The flame tongue hits the ogre.
The ogre is severely wounded.
You now have 5/14 mp.
Casting: Flame Tongue
Confirm with . or Enter, or press ? or * to list all spells.
Aiming: Flame Tongue
Press: ? - help, Shift-Dir - straight line, f/p - ogre
Aim: an ogre, wielding a giant club (severely wounded)
You feel a surge of power!
The flame tongue hits the ogre.
The ogre is almost dead.
A howler monkey comes into view.
You now have 4/14 mp.
Casting: Flame Tongue
Confirm with . or Enter, or press ? or * to list all spells.
Aiming: Flame Tongue
Press: ? - help, Shift-Dir - straight line, f/p - ogre
Aim: an ogre, wielding a giant club (almost dead)
You feel a surge of power!
The flame tongue hits the ogre.
The ogre appears unharmed.
The ogre is almost dead.
The howler monkey howls!
The ogre hits you with a giant club!!
Ouch! That really hurt!
You die...

......#...#.######***
.#..............##
#................##
..................#
...........)......#
..................#
.##..............[#
.#*...............#
.#*#.###........@## .#
#.**#.......O..#*******
.#**,*#.............**,,,*
.#,,,....p........#.#*,,,*
.,,,..............#...,,,*
#*,,..............#*##.,,*
**,,,,,,,.h........,,,,.,*
,<,,,,,,,.........#***,,,*
*,,,,*,,,,,,,,,**** *,,,*


You could see an ogre, a howler monkey and a neutral freed slave (wandering).

Vanquished Creatures
  Pikel (D:4)
  Eustachio (D:4)
  2 slaves (D:4)
  An ogre (D:4)
  A bullfrog zombie (D:3)
  An orc priest (D:5)
  A hound (D:5)
  An orc wizard (D:5)
  Terence (D:2)
  4 adders
  A white imp (D:4)
  An ooze (D:4)
  A leopard gecko (D:5)
  3 orcs
  4 giant cockroaches
  4 goblins
  8 hobgoblins
  2 jackals (D:1)
  4 quokkas
  4 bats
  A frilled lizard (D:1)
  A goblin skeleton (D:4)
  A goblin zombie (D:4)
  2 hobgoblin zombies (D:4)
  9 kobolds
  2 kobold skeletons (D:4)
  2 kobold zombies (D:4)
  An orc skeleton (D:4)
  A quokka skeleton (D:4)
  5 rats
71 creatures vanquished.

Notes
Turn   | Place    | Note
-------+----------+-------------------------------------------
     0 | D:1      | Monsterracer the Octopode Fire Elementalist began the quest for the Orb.
     0 | D:1      | Reached XP level 1. HP: 11/11 MP: 3/3
   275 | D:1      | HP: 5/11 [jackal (2)]
   576 | D:1      | Reached XP level 2. HP: 17/17 MP: 1/5
  1020 | D:2      | Noticed Terence
  1433 | D:2      | Reached XP level 3. HP: 21/21 MP: 2/6
  1440 | D:2      | Learned a level 3 spell: Conjure Flame
  1510 | D:2      | Killed Terence
  1781 | D:3      | Reached XP level 4. HP: 27/27 MP: 4/7
  2229 | D:3      | Learned a level 4 spell: Sticky Flame
  2527 | D:3      | Reached skill level 4 in Fire Magic
  2630 | D:3      | Reached XP level 5. HP: 31/31 MP: 4/9
  2742 | D:3      | Found a blossoming altar of Fedhas.
  2755 | D:3      | Noticed an oklob plant
  2928 | D:4      | Noticed Eustachio
  2953 | D:4      | Killed Eustachio
  2953 | D:4      | Reached XP level 6. HP: 20/36 MP: 1/10
  3137 | D:4      | Found a glowing golden altar of the Shining One.
  3160 | D:4      | HP: 17/36 [orc skeleton (4)]
  3467 | D:4      | Noticed a slave
  3467 | D:4      | Noticed a slave
  3467 | D:4      | Noticed a slave
  3468 | D:4      | Noticed Pikel
  3468 | D:4      | Noticed a slave
  3478 | D:4      | Killed a slave
  3536 | D:3      | Reached skill level 5 in Fire Magic
  3562 | D:4      | Killed a slave
  3565 | D:4      | Found a staircase to the Ecumenical Temple.
  3633 | D:5      | Entered Level 5 of the Dungeon
  3684 | D:5      | Reached XP level 7. HP: 30/41 MP: 2/12
  3702 | D:5      | HP: 16/41 [orc/flail (8)]
  3844 | D:5      | HP: 19/41 [orc wizard/magic dart (7)]
  3845 | D:5      | Noticed Menkaure
  3993 | D:4      | HP: 15/41 [Pikel/whip of electrocution (9)]
  3996 | D:4      | Killed Pikel
  3996 | D:4      | Reached skill level 5 in Conjurations
  3996 | D:4      | Reached skill level 6 in Fire Magic
  3996 | D:4      | Reached XP level 8. HP: 17/46 MP: 5/14
  4015 | D:4      | Mangled by an ogre

Skill      XL: |  1  2  3  4  5  6  7 |
---------------+----------------------+-----
Conjurations   | 2 3 4 5 |  5.5
Fire Magic     | 4 5 6 |  6.2
Stealth        | 3 4 |  4.0
Spellcasting   | 3 4 |  4.0
Dodging        | |  2.0

Action                   |  1- 3 |  4- 6 |  7- 9 || total
-------------------------+-------+-------+-------++-------
Melee: Unarmed           |    13 |       |       ||    13
       Constrict         |     3 |     5 |     1 ||     9
       Tentacles         |     3 |     3 |       ||     6
       Short sword       |     7 |       |       ||     7
       Long sword        |       |     6 |       ||     6
       Rapier            |       |     8 |     2 ||    10
 Cast: Flame Tongue      |    54 |    62 |    11 ||   127
       Conjure Flame     |       |     1 |       ||     1
       Sticky Flame      |       |     7 |     3 ||    10
  Use: Scroll            |       |    12 |       ||    12
  Eat: Chunk             |     3 |     7 |     1 ||    11
Armor: Skin              |     3 |     5 |       ||     8
Dodge: Dodged            |    31 |    31 |     5 ||    67
       Rpst.: Long sword |       |     1 |       ||     1

Vault maps used:
D:1:      mushboom_english_gardens, minivault_4
D:2:      first_ration, uniq_terence
D:3:      tgw_fedhas
D:4:      overflow_temple_1_default, minmay_temple_entry_from_below_a,
          nicolae_tso_besieged_by_evil, uniq_eustachio, uniq_pikel, uniq_natasha
D:5:      lemuel_doored_altar, kennysheep_little_box, old_standard_altar,
          gup_sewer_entry_pipe, kennysheep_generic_room_7, uniq_prince_ribbit1,
          uniq_grinder, uniq_sigmund, uniq_menkaure
